Map: [ESL] Equilibrium

Players

GuMiho

  • Race: Terran Terran
  • Spawn Location: 1:00

DKZDark (Dark) - Winner!

  • Race: Zerg Zerg
  • League: Master
  • Spawn Location: 11:00

Event: IEM Katowice 2024

VOD

Have the link to the VOD?

Description

Time

  • Played on: Dec. 6, 2023, 6:36 a.m.
  • Length: 17:56

All games in this series

Show
View Real Time Build Order
Export as new Build Order

GuMiho Terran 

Build Orders: Reaper Expand, Banshee Rush 

Get SALT Encoding   

  12  0:00  SCV  
  13  0:12  SCV  
  14  0:16  Supply Depot  
  14  0:24  SCV  
  15  0:38  SCV  
  15  0:39  Barracks  
  15  0:42  Refinery  
  16  0:50  SCV  
  17  1:02  SCV  
  18  1:14  SCV  
  19  1:26  Orbital Command, Reaper  
  20  1:38  Command Center  
  20  1:45  Supply Depot  
  20  1:52  SCV  
  21  1:58  Marine  
  22  2:04  SCV  
  23  2:09  Factory  
  23  2:16  SCV  
  23  2:21  Barracks Reactor  
  24  2:28  SCV  
  25  2:38  Command Center  
  25  2:42  SCV  
  26  2:46  Refinery  
  26  2:51  Orbital Command  
  26  2:54  SCV  
  27  3:01  Starport  
  27  3:06  SCV  
  27  3:08  Hellion  
  30  3:13  Hellion  
  30  3:15  Barracks Tech Lab  
  30  3:18  SCV  
  33  3:20  SCV  
  34  3:30  SCV  
  34  3:32  SCV  
  36  3:37  Hellion x2  
  40  3:42  SCV  
  40  3:44  SCV  
  40  3:46  Viking  
  44  3:48  Cloaking Field  
  44  3:49  Barracks Tech Lab  
  44  3:54  Orbital Command  
  44  3:56  SCV x2  
  46  4:08  SCV x2  
  46  4:09  Stimpack  
  49  4:12  Barracks  
  49  4:15  Barracks  
  48  4:18  Factory Reactor  
  48  4:20  SCV x2  
  48  4:22  SCV  
  51  4:27  Supply Depot  
  51  4:30  Banshee  
  54  4:32  SCV x2  
  54  4:35  SCV  
  54  4:38  Refinery  
  57  4:39  Marine  
  57  4:40  Refinery  
  57  4:43  Supply Depot  
  57  4:44  SCV x2  
  60  4:47  Engineering Bay  
  60  4:48  Engineering Bay  
  60  4:50  SCV  
  60  4:52  Supply Depot  
  61  4:54  Orbital Command  
  61  4:57  SCV  
  61  4:58  Marine  
  63  5:02  SCV  
  64  5:09  Supply Depot, SCV  
  65  5:14  SCV  
  65  5:18  Marine  
  65  5:19  Marine x4  
  65  5:20  Siege Tank, Starport Reactor  
  74  5:22  SCV x2  
  74  5:26  Terran Infantry Weapons Level 1, Terran Infantry Armor Level 1  
  74  5:27  Supply Depot  
  76  5:29  Supply Depot  
  76  5:33  SCV  
  76  5:34  SCV  
  78  5:36  SCV  
  78  5:41  Marine x5  
  84  5:50  Barracks  
  84  5:52  Barracks  
  84  5:53  Combat Shield  
  84  5:57  Siege Tank, SCV x2  
  84  5:58  SCV  
  84  6:00  Marine x4  
  84  6:01  Marine  
  84  6:03  Medivac  
  97  6:04  Medivac  
  97  6:09  SCV  
  97  6:10  SCV x2  
  102  6:12  Refinery  
  102  6:16  Armory  
  102  6:18  Marine x4  
  102  6:19  Marine  
  102  6:22  SCV x2  
  109  6:31  Supply Depot x2  
  109  6:32  Supply Depot  
  109  6:34  SCV  
  109  6:36  Marine x4  
  114  6:45  Marine  
  115  6:47  Barracks Reactor x2  
  115  6:48  Siege Tank  
  115  6:53  SCV x3  
  115  6:54  Marine x4  
  122  6:56  Supply Depot  
  122  6:58  Medivac x2  
  129  7:02  Supply Depot  
  129  7:03  Marine  
  130  7:11  Marine x2  
  130  7:12  Marine x2  
  134  7:21  Marine  
  134  7:29  Marine x3  
  136  7:30  Marine  
  136  7:31  Marine x2  
  136  7:35  Siege Tank, Marine  
  136  7:36  Marine  
  144  7:39  Marine  
  144  7:43  Command Center  
  145  7:47  Factory, Marine x4  
  145  7:49  Marine x2  
  131  7:58  Marine x3  
  131  8:01  Medivac  
  131  8:02  Medivac  
  131  8:05  Marine x4, SCV x3  
  126  8:07  Marine x2  
  130  8:13  Terran Infantry Weapons Level 2, Terran Infantry Armor Level 2  
  130  8:16  Marine x3  
  130  8:18  Siege Tank  
  136  8:20  SCV x2  
  136  8:23  Marine x4  
  136  8:24  SCV  
  136  8:25  Marine x2  
  145  8:32  SCV  
  145  8:34  Marine x3  
  146  8:40  Marine  
  137  8:46  Marine  
  137  8:47  Marine x4  
  135  8:48  Factory Reactor  
  135  8:49  SCV x2  
  135  8:50  Siege Tank, SCV  
  135  8:52  Marine x2  
  143  8:56  Marine  
  143  8:58  Marine  
  143  8:59  Terran Vehicle And Ship Armor Level 1  
  143  9:01  SCV x2  
  143  9:02  SCV  
  148  9:03  Orbital Command  
  148  9:07  Marine x2  
  147  9:10  Marine x2  
  147  9:12  Marine x2  
  147  9:13  SCV  
  147  9:17  Marine x2  
  147  9:22  Marine  
  150  9:25  Marine x2  
  150  9:28  Marine x2  
  150  9:30  Marine x2  
  155  9:35  Marine x2  
  157  9:40  Marine  
  157  9:43  Marine x2  
  149  9:46  Marine x2  
  149  9:48  Marine x2  
  149  9:49  Liberator x2  
  140  9:53  Marine x2  
  140  9:58  Marine  
  141  10:00  Concussive Shells, Widow Mine x3, Drilling Claws  
  140  10:07  SCV x2  
  140  10:11  SCV  
  134  10:16  Marauder  
  134  10:19  SCV x2  
  138  10:23  SCV  
  134  10:31  SCV x2  
  134  10:34  Medivac x2  
  134  10:35  SCV  
  133  10:38  Marauder  
  133  10:39  Planetary Fortress  
  135  10:43  SCV, Marine x2  
  135  10:44  Widow Mine, SCV  
  135  10:46  Widow Mine x2  
  145  10:54  Barracks Tech Lab  
  145  10:55  Barracks Tech Lab  
  143  11:04  Medivac x2  
  143  11:06  SCV  
  143  11:10  SCV x2  
  144  11:12  Barracks Tech Lab  
  144  11:13  Terran Infantry Weapons Level 3  
  144  11:14  Terran Infantry Armor Level 3, Supply Depot  
  144  11:15  Supply Depot x2  
  144  11:18  SCV  
  145  11:25  Refinery  
  145  11:29  Refinery  
  142  11:34  Medivac x2, SCV x3  
  142  11:36  Terran Vehicle And Ship Armor Level 2  
  142  11:37  Marauder x2  
  149  11:45  Ghost Academy  
  149  11:50  Widow Mine x2  
  153  11:55  Marauder  
  153  11:56  SCV x3  
  161  12:08  Marauder, SCV x2  
  161  12:11  Barracks  
  161  12:12  Barracks x2  
  161  12:15  Marauder  
  163  12:16  Widow Mine x3  
  169  12:31  Marauder x2  
  169  12:36  Command Center  
  171  12:46  Widow Mine, Supply Depot  
  171  12:47  Supply Depot  
  171  12:48  Supply Depot  
  169  12:55  Marauder x2  
  169  12:57  Marine  
  172  13:04  Marauder  
  172  13:05  Marine x3  
  172  13:10  Barracks Tech Lab x3  
  170  13:13  Medivac x2  
  170  13:15  SCV x3  
  170  13:16  Marauder  
  170  13:18  Widow Mine x3  
  187  13:23  Sensor Tower  
  189  13:31  Marauder  
  194  13:34  Ghost x3  
  194  13:38  Supply Depot  
  192  13:43  Missile Turret  
  188  13:53  Widow Mine x2  
  180  13:55  Ghost  
  180  13:56  Ghost  
  180  13:59  Ghost  
  186  14:02  Viking  
  186  14:03  Ghost x2  
  186  14:05  Viking  
  194  14:10  Widow Mine  
  194  14:13  Ghost  
  194  14:14  Widow Mine  
  199  14:20  Widow Mine  
  199  14:22  Orbital Command  
  191  14:37  Ghost  
  191  14:38  Ghost x3  
  157  14:43  Marauder, Marine x4  
  145  14:47  Orbital Command  
  145  14:50  Marauder  
  121  14:57  Widow Mine  
  119  15:00  Marine  
  119  15:01  Marine x3  
  129  15:16  Orbital Command, SCV x3  
  133  15:22  Ghost x5  
  133  15:23  Ghost  
  133  15:25  Widow Mine  
  137  15:30  Missile Turret  
  137  15:33  Marine x4  
  141  15:41  Factory  
  141  15:44  Refinery  
  141  15:47  Widow Mine  
  143  15:50  Marine  
  140  16:00  Orbital Command  
  140  16:01  Marauder x2, Marine x3  
  140  16:04  Marauder, Marine x2  
  149  16:05  Bunker  
  149  16:09  Marauder, Marine  
  140  16:19  Marine x2  
  140  16:22  Marauder x2  
  145  16:29  Ghost x2  
  147  16:40  Ghost  
  147  16:41  Marine x2  
  138  16:49  Orbital Command, Marauder, Marine x2  
  136  16:57  Marine  
  136  16:59  Orbital Command  
  137  17:07  Marauder  
  127  17:22  Widow Mine  
Show
View Real Time Build Order
Export as new Build Order

DKZDark Zerg - Winner!

Build Orders: Hatch First 

Get SALT Encoding   

  12  0:00  Drone  
  13  0:12  Overlord  
  13  0:17  Drone  
  14  0:30  Drone x2  
  16  0:49  Hatchery  
  15  0:52  Drone  
  15  0:55  Drone  
  17  0:58  Drone  
  18  1:09  Extractor  
  17  1:13  Spawning Pool  
  17  1:16  Drone  
  17  1:20  Drone  
  18  1:28  Drone  
  19  1:38  Drone  
  20  1:49  Drone  
  21  2:00  Queen  
  21  2:01  Queen  
  25  2:02  Zergling x4  
  27  2:08  Metabolic Boost  
  27  2:12  Overlord  
  27  2:15  Drone  
  28  2:31  Hatchery  
  28  2:32  Drone  
  28  2:33  Drone  
  28  2:35  Drone  
  30  2:42  Drone  
  30  2:44  Queen  
  31  2:49  Overlord  
  33  2:53  Drone  
  33  2:55  Drone  
  33  2:56  Drone  
  36  3:08  Zergling x2  
  36  3:09  Drone x3  
  36  3:10  Drone  
  41  3:12  Queen  
  41  3:16  Overlord  
  41  3:18  Drone  
  44  3:31  Overlord  
  44  3:35  Drone  
  44  3:36  Drone x2  
  44  3:40  Queen  
  49  3:42  Drone x3  
  49  3:46  Drone x2, Queen  
  56  3:50  Drone  
  56  3:51  Drone  
  57  3:56  Drone  
  58  4:04  Zergling x6  
  58  4:06  Drone x2  
  58  4:07  Drone  
  64  4:13  Drone  
  64  4:14  Overlord  
  64  4:16  Overlord  
  65  4:17  Lair  
  65  4:21  Overlord  
  65  4:29  Extractor x2, Queen, Overlord  
  65  4:31  Baneling Nest  
  64  4:32  Drone x4  
  64  4:34  Drone  
  64  4:36  Drone  
  70  4:39  Drone  
  70  4:40  Drone  
  72  4:46  Drone  
  72  4:48  Drone x2  
  72  4:49  Drone  
  72  4:50  Drone  
  72  4:51  Drone  
  72  4:52  Drone x2  
  80  4:56  Drone x3  
  83  5:06  Spore Crawler  
  83  5:07  Zergling x4, Spore Crawler  
  81  5:08  Drone x3  
  81  5:11  Overlord  
  86  5:15  Spore Crawler  
  86  5:17  Evolution Chamber  
  86  5:20  Hatchery  
  86  5:21  Overlord  
  83  5:22  Evolution Chamber  
  83  5:23  Overlord  
  83  5:25  Extractor  
  83  5:26  Extractor, Centrifugal Hooks  
  81  5:28  Drone  
  81  5:31  Drone x2  
  81  5:33  Drone x2  
  85  5:36  Drone  
  85  5:41  Drone, Infestation Pit  
  86  5:44  Hatchery  
  86  5:48  Hatchery  
  84  5:51  Zerg Melee Weapons Level 1  
  84  5:54  Zerg Ground Armor Level 1  
  84  6:01  Drone x3  
  84  6:02  Zergling x10  
  84  6:04  Overseer  
  92  6:06  Drone x3  
  92  6:09  Drone x2  
  97  6:13  Drone x3  
  100  6:20  Drone  
  100  6:23  Zergling x8  
  100  6:24  Overlord x2  
  105  6:30  Baneling x4  
  105  6:31  Baneling x3  
  105  6:32  Hive  
  105  6:35  Zergling x10  
  105  6:39  Drone x2  
  112  6:42  Spore Crawler  
  112  6:43  Zergling x8  
  115  6:47  Zergling x4  
  115  6:48  Baneling x4  
  115  6:52  Zergling x12  
  123  6:59  Zergling x8  
  126  7:06  Zergling x10  
  131  7:09  Baneling x4  
  131  7:10  Burrow, Hatchery  
  130  7:20  Zergling x2  
  130  7:21  Zergling x18  
  135  7:25  Zergling x10  
  135  7:26  Baneling x8  
  135  7:27  Baneling  
  138  7:31  Baneling x8  
  138  7:34  Zergling x2  
  138  7:35  Overlord  
  139  7:37  Overlord  
  139  7:40  Overlord  
  136  7:55  Zergling x6  
  136  7:57  Zergling x2  
  136  7:58  Zergling x16  
  117  8:00  Zergling x20  
  118  8:06  Adrenal Glands  
  118  8:07  Zerg Melee Weapons Level 2, Zerg Ground Armor Level 2  
  118  8:08  Baneling  
  118  8:09  Ultralisk Cavern  
  118  8:10  Zergling x6  
  116  8:14  Zergling x8  
  116  8:18  Zergling x4  
  121  8:21  Baneling  
  121  8:22  Zergling x10, Baneling x3  
  121  8:23  Zergling x2  
  121  8:25  Baneling x2  
  127  8:32  Zergling x18  
  117  8:43  Zergling x12  
  117  8:44  Zergling x4  
  117  8:46  Zergling x2  
  117  8:47  Zergling x4  
  122  8:48  Baneling x7  
  122  8:53  Zergling x6  
  122  9:00  Ultralisk  
  126  9:02  Zergling x2  
  126  9:03  Zergling x6  
  126  9:05  Chitinous Plating  
  126  9:12  Zergling x8  
  129  9:17  Zergling x2  
  129  9:21  Ultralisk  
  129  9:24  Zergling x8  
  138  9:30  Zergling x10  
  143  9:33  Ultralisk  
  143  9:35  Zergling x2  
  148  9:39  Zergling x2  
  148  9:44  Zergling x4  
  140  9:49  Ultralisk  
  143  9:55  Drone x2  
  143  9:56  Drone  
  143  9:57  Drone x2  
  127  10:07  Viper  
  127  10:13  Viper  
  131  10:20  Zergling x22  
  142  10:23  Hatchery  
  142  10:27  Hatchery  
  139  10:34  Anabolic Synthesis  
  134  10:35  Overlord  
  134  10:36  Overlord x4  
  133  10:42  Baneling  
  133  10:43  Baneling x2  
  133  10:48  Overlord  
  133  10:51  Overlord  
  133  10:52  Zerg Melee Weapons Level 3  
  133  10:54  Overlord  
  133  10:58  Zergling x28  
  133  11:01  Baneling x2  
  145  11:05  Drone x2  
  145  11:06  Spore Crawler  
  145  11:10  Zergling x6  
  149  11:16  Baneling x3  
  148  11:26  Drone  
  148  11:27  Drone x2  
  148  11:30  Drone x10  
  155  11:35  Drone x3  
  155  11:39  Zergling x4  
  160  11:44  Zerg Ground Armor Level 3  
  160  11:48  Drone x3, Spore Crawler  
  160  11:49  Zergling x18  
  171  12:03  Zergling x6  
  171  12:04  Zergling x14  
  171  12:05  Hatchery  
  171  12:07  Baneling x3  
  179  12:16  Spore Crawler  
  179  12:17  Spire  
  179  12:20  Overseer  
  177  12:23  Spore Crawler  
  177  12:27  Drone x4  
  177  12:28  Drone  
  174  12:33  Zergling x14  
  174  12:34  Zergling x4  
  183  12:40  Drone x3  
  182  12:44  Zergling x16  
  182  12:49  Overseer  
  189  12:54  Zergling x2  
  189  12:55  Drone x3  
  192  12:59  Zergling x16  
  192  13:03  Baneling x9  
  192  13:04  Baneling x3  
  198  13:07  Zergling x4  
  198  13:10  Pneumatized Carapace  
  198  13:11  Overlord  
  189  13:15  Zergling x22  
  189  13:18  Baneling x4  
  200  13:20  Overseer x3  
  200  13:26  Baneling x11  
  200  13:30  Baneling x3  
  200  13:33  Overseer  
  199  13:36  Zerg Missile Weapons Level 1  
  197  13:41  Zergling x2  
  197  13:42  Zergling x2  
  197  13:48  Nydus Network  
  197  13:55  Zergling x12  
  190  14:01  Zergling x18  
  190  14:02  Hatchery  
  198  14:03  Spore Crawler  
  198  14:06  Zergling x2, Zerg Flyer Weapons Level 1  
  198  14:07  Zergling x2  
  199  14:13  Baneling x4  
  199  14:14  Zergling x4  
  199  14:16  Zergling x2  
  200  14:19  Baneling x2  
  183  14:34  Zergling x18  
  183  14:35  Zergling x34  
  187  14:41  Zergling x16  
  188  14:49  Zergling x2, Ultralisk  
  188  14:50  Zergling x10  
  188  14:52  Zergling x2  
  180  14:56  Overlord x3  
  180  14:58  Overlord  
  179  15:01  Baneling x7  
  179  15:02  Baneling x4  
  179  15:03  Zergling x2  
  173  15:11  Zergling x2  
  173  15:13  Zergling x12  
  173  15:14  Zergling x2, Swarm Host, Overlord x2  
  175  15:17  Baneling  
  175  15:18  Baneling x8  
  175  15:20  Zergling x2, Drone x3  
  175  15:21  Zergling x6  
  185  15:30  Zergling x6  
  185  15:31  Zergling x12  
  185  15:32  Baneling x10  
  194  15:39  Drone x2  
  194  15:42  Nydus Canal  
  196  15:57  Zergling x10  
  196  15:59  Baneling x7  
  199  16:09  Baneling x6  
  199  16:17  Zergling x22  
  196  16:20  Zergling x4  
  197  16:25  Zergling x6  
  199  16:37  Corruptor x3  
  199  16:39  Zergling x12  
  190  16:42  Corruptor  
  190  16:43  Ultralisk  
  190  16:45  Zergling x24  
  200  16:51  Unknown, Overseer  
  199  16:59  Corruptor, Hatchery  
  199  17:01  Zergling x16  
  194  17:11  Corruptor  
  194  17:12  Zergling x18  
  199  17:17  Zergling x2  
  199  17:19  Overseer x2  
  200  17:25  Baneling x6  
  193  17:31  Zergling x12  
  193  17:33  Zergling x2  
  193  17:34  Zergling x32  
  187  17:37  Zergling x2  
  187  17:38  Zergling x4  

Tags
 
Add a new tag
Caveats
  • Supply blocks, unpowered buildings, or Contaminate may cause inaccurate times.
  • Supply counts are checked every 10 seconds.